 Dungeon Crawl Stone Soup version 0.28.0 (console) character file.

Game seed: 11611747635902050625

21730 jejorda2 the Fighter (level 12, -1/69 HPs)
             Began as a Vine Stalker Berserker on Feb 9, 2022.
             Was a High Priest of Trog.
             Killed by divine providence
             ... invoked by a smoke demon
              (13 damage)
             ... in a volcano.
             The game lasted 00:39:44 (12210 turns).

jejorda2 the Fighter (Vine Stalker Berserker)      Turns: 12210, Time: 00:39:45

Health: -1/69      AC: 25    Str: 24    XL:     12   Next: 93%
Magic:  0/13       EV:  8    Int:  7    God:    Trog [*****.]
Gold:   1531       SH:  0    Dex: 15    Spells: 11/11 levels left

rFire   . . .      SeeInvis .   a - +0 dagger (speed)
rCold   + + .      Faith    +   (no shield)
rNeg    . . .      Spirit   +   E - +2 plate armour {rPois}
rPois   +          Reflect  .   i - +2 hat {Stlth+}
rElec   .          Harm     .   h - +2 cloak {rPois}
rCorr   .          Rampage  .   j - +2 pair of gloves
Will    +++..                   (no boots)
Stlth   ..........              G - amulet of faith
HPRegen 2.01/turn               B - ring of protection from cold
MPRegen 0.13/turn               x - ring of protection from cold

@: strong-willed (expiring), regenerating (expiring)
A: fangs 3, regeneration 1, magic shield, antimagic bite, no potion heal 2
a: Renounce Religion, Berserk, Trog's Hand, Brothers in Arms


You were in a volcano.
You worshipped Trog.
Trog was extremely pleased with you.
You visited 2 branches of the dungeon, and saw 15 of its levels.
You also visited: Volcano.

You collected 1711 gold pieces.
You spent 180 gold pieces at shops.

Inventory:

Hand Weapons
 a - a +0 dagger of speed (weapon)
 b - a +0 dagger of electrocution
 r - the +8 trident of the Octopus King {venom, rElec rPois}
   (You found it on level 10 of the Dungeon)

   It poisons the flesh of those it strikes.
   rElec:     It insulates you from electricity.
   rPois:     It protects you from poison.
 w - the +5 rapier "Eviscerator" {vorpal, Str+3 Int+3 SInv}
   (You found it on level 9 of the Dungeon)

   It inflicts extra damage upon your enemies.
   Str:       It affects your strength (+3).
   Int:       It affects your intelligence (+3).
   SInv:      It lets you see invisible.
Missiles
 d - 5 javelins
 g - 17 poisoned darts (quivered)
 t - 2 silver boomerangs
 C - 4 throwing nets
 F - 7 boomerangs
Armour
 h - a +2 cloak of poison resistance (worn)
 i - a +2 hat of stealth (worn)
 j - a +2 pair of gloves (worn)
 E - a +2 plate armour of poison resistance (worn)
Jewellery
 x - a ring of protection from cold (right hand)
 B - a ring of protection from cold (left hand)
 G - an amulet of faith (around neck)
Wands
 l - a wand of iceblast (16)
 n - a wand of polymorph (9)
 s - a wand of digging (4)
 H - a wand of flame (9)
 N - a wand of mindburst (7)
 O - a wand of charming (6)
Scrolls
 c - 3 scrolls of immolation
 k - 2 scrolls of fog
 m - 2 scrolls of blinking
 u - 3 scrolls of teleportation
 y - a scroll of enchant armour
 M - 2 scrolls of holy word
Potions
 e - 2 potions of haste
 f - a potion of magic
 o - a potion of resistance
 p - 3 potions of curing
 q - 2 potions of mutation
 z - 3 potions of lignification
 A - 2 potions of degeneration
 D - a potion of attraction
 J - a potion of berserk rage
 K - 2 potions of cancellation
 L - a potion of flight
Miscellaneous
 v - a tin of tremorstones (inert)
 P - a lightning rod (4/4)


   Skills:
 + Level 10.8 Fighting
 - Level 10.0 Short Blades
 + Level 10.7 Armour
 - Level 1.5 Dodging
 - Level 2.4 Shields
 + Level 6.8 Evocations


You had 11 spell levels left.
You didn't know any spells.
Your spell library was empty.

Dungeon Overview and Level Annotations

Branches:
Dungeon (12/15)            Temple (0/1) D:6            Lair (3/6) D:8
 Shoals (0/4) Lair:3          Orc (0/2) D:11        Volcano (1/1)
  Snake: Lair:2-4    Spider: Lair:2-4

Altars:
Elyvilon
Hepliaklqana

Shops:
D:1 :   D:5 *


Innate Abilities, Weirdness & Mutations

You have razor-sharp teeth.
Your natural rate of healing is unusually fast.
When hurt, damage is shared between your health and your magic reserves.
Your bite disrupts and absorbs the magic of your enemies.
Potions cannot restore your health.


Message History

The lindwurm roars!
The smoke demon gestures at you. Something smites you!
Your two-headed ogre is engulfed in a cloud of scalding steam.
You hear an angry hiss.
You hear a bark!
Your two-headed ogre rages.
The lindwurm breathes flames at you. The blast of flame hits you.
You see here a hell hound corpse.
You feel the effects of Trog's Hand fading.
Your two-headed ogre hits the lindwurm with a +0 giant spiked club!! x2
The lindwurm dies!
Trog accepts your kill.
A hell hound comes into view.
A steam dragon comes into view.
The smoke demon gestures at you. Something smites you!
* * * LOW HITPOINT WARNING * * *
Your two-headed ogre hits the hell hound with a +0 giant spiked club!!!
The hell hound dies!
Trog accepts your kill.
The steam dragon hisses angrily.
You hear a bark!
The smoke demon gestures at you. Something smites you!
* * * LOW HITPOINT WARNING * * *
A steam dragon comes into view.
The steam dragon breathes steam at you. The ball of steam hits you!
* * * LOW HITPOINT WARNING * * *
The steam dragon moves out of view.
A hell hound comes into view.
You see here a hell hound corpse.
Okay, then.
Okay, then.
Unknown command.
You fail to use your ability.
The smoke demon gestures at you. Something smites you!
You die...

......##.....##
.....# ##....#
#....## #.....#
##.....#
#####.....##
.#...§...###
..§§.§..)#
.§§3...@##
§.D§§§..§#
§.D§§.§§.#
.###§.§§.
##O.... #.§§..#
..§..≈#
#.≈#≈#§#
......§.


You could see a smoke demon, a steam dragon and a friendly two-headed ogre
(summoned, berserk).

Vanquished Creatures
  Gastronok (D:10)
  Fannar (D:10)
  Harold (D:10)
  A boulder beetle (D:11)
  A catoblepas (Lair:2)
  3 two-headed ogres
  Nergalle (D:10)
  A lindwurm (Volcano)
  A deep elf pyromancer (D:12)
  A manticore (D:11)
  A cyclops (D:12)
  Joseph (D:8)
  A smoke demon (Volcano)
  Maurice (D:8)
  A black mamba (Lair:2)
  Psyche (D:9)
  3 cane toads
  Maggie (D:10)
  A komodo dragon (D:12)
  A freezing wraith (D:10)
  4 trolls
  Prince Ribbit (D:8)
  2 wyverns
  Sigmund (D:2)
  9 yaks (Lair:1)
  2 shadows (D:11)
  Eustachio (D:5)
  4 steam dragons
  7 vampire mosquitoes
  A warg (D:11)
  An acid dragon (D:12)
  A water moccasin (Lair:2)
  An ice beast (D:7)
  2 sky beasts
  A black bear (D:4)
  4 necrophages
  4 ogres
  8 orc warriors
  10 wolves
  6 centaurs
  A kobold brigand (D:8)
  2 water moccasin zombies
  8 bullfrogs
  A gnoll sergeant (D:10)
  2 scorpions
  A howler monkey (D:6)
  2 electric eels
  2 jellies (D:5)
  12 hounds
  5 iguanas
  10 orc priests
  Crazy Yiuf (D:2)
  2 centaur skeletons (D:5)
  5 orc wizards
  A howler monkey zombie (D:9)
  7 adders
  8 gnolls
  A shadow imp (D:6)
  A white imp (D:8)
  2 worms (D:2)
  A dart slug (D:3)
  58 orcs
  5 ball pythons
  4 bats
  10 endoplasms
  5 giant cockroaches
  4 goblins
  7 hobgoblins
  8 jackals
  13 kobolds
  2 quokkas
  3 frilled lizards (D:1)
  3 rats
291 creatures vanquished.

Vanquished Creatures (collateral kills)
  A lindwurm (Volcano)
  A steam dragon (Volcano)
  2 hell hounds (Volcano)
4 creatures vanquished.

Vanquished Creatures (others)
  2 fungi
  2 plants
4 creatures vanquished.

Grand Total: 299 creatures vanquished

Notes
Turn   | Place    | Note
-------+----------+-------------------------------------------
     0 | D:1      | jejorda2 the Vine Stalker Berserker began the quest for the
                  | Orb.
     0 | D:1      | Reached XP level 1. HP: 11/11 MP: 2/2
   240 | D:1      | Found Lodgh's Book Shop.
   358 | D:1      | Reached XP level 2. HP: 15/16 MP: 3/3
   842 | D:2      | Noticed Sigmund
   852 | D:2      | Killed Sigmund
   853 | D:2      | Reached XP level 3. HP: 4/20 MP: 4/4
   853 | D:2      | Gained mutation: Your natural rate of healing is unusually
                  | fast. [Vine Stalker growth]
   853 | D:2      | Reached XP level 4. HP: 5/25 MP: 5/5
   853 | D:2      | Reached XP level 5. HP: 5/28 MP: 6/6
  1055 | D:2      | Reached ** piety under Trog
  1118 | D:2      | Reached XP level 6. HP: 33/33 MP: 7/7
  1564 | D:2      | Found a runed translucent door.
  1565 | D:2      | Noticed Crazy Yiuf
  1576 | D:2      | Killed Crazy Yiuf
  1820 | D:3      | Identified the +0 robe "Xaun" {rPois rN+}
  2504 | D:3      | Found a faded altar of an unknown god.
  2757 | D:4      | Reached skill level 5 in Short Blades
  2952 | D:4      | Found a hazy altar of Hepliaklqana.
  2973 | D:4      | Noticed a black bear
  2988 | D:4      | Killed a black bear
  2989 | D:4      | Reached XP level 7. HP: 33/37 MP: 6/8
  3183 | D:5      | Entered Level 5 of the Dungeon
  3285 | D:5      | Noticed Eustachio
  3305 | D:5      | Killed Eustachio
  3362 | D:5      | Gained mutation: You have razor-sharp teeth. [Vine Stalker
                  | growth]
  3362 | D:5      | Reached XP level 8. HP: 42/42 MP: 9/9
  3445 | D:5      | Found Cioceyc's Assorted Antiques.
  3453 | D:5      | Bought a scroll labelled FERGHI CIARAMN for 30 gold pieces
  3453 | D:5      | Bought an encrusted coral ring for 150 gold pieces
  3687 | D:5      | Reached skill level 5 in Fighting
  4310 | D:6      | Found a staircase to the Ecumenical Temple.
  4940 | D:7      | Identified a scroll of acquirement
  4940 | D:7      | Acquired 614 gold pieces
  5056 | D:7      | Reached skill level 5 in Armour
  5073 | D:7      | Reached XP level 9. HP: 47/47 MP: 10/10
  5393 | D:7      | Identified the +6 dagger "Entem" {chaos, SInv}
  5414 | D:7      | Reached *** piety under Trog
  6076 | D:8      | Noticed a troll
  6090 | D:8      | Reached skill level 10 in Short Blades
  6098 | D:8      | Killed a troll
  6099 | D:8      | Reached skill level 1 in Evocations
  6179 | D:8      | Found a staircase to the Lair.
  6206 | D:8      | Noticed a troll
  6216 | D:8      | Killed a troll
  6217 | D:8      | Reached XP level 10. HP: 53/53 MP: 11/11
  6271 | D:8      | Noticed Prince Ribbit
  6281 | D:8      | Killed Prince Ribbit
  6385 | D:8      | Noticed Maurice
  6405 | D:8      | Killed Maurice
  6906 | D:8      | Noticed Joseph
  6920 | D:8      | Killed Joseph
  7107 | D:9      | Noticed a two-headed ogre
  7119 | D:9      | Killed a two-headed ogre
  7313 | D:9      | Noticed a two-headed ogre
  7324 | D:9      | Killed a two-headed ogre
  7490 | D:9      | Identified the +5 rapier "Eviscerator" {vorpal, Str+3 Int+3
                  | SInv}
  7558 | D:9      | Noticed Psyche
  7567 | D:9      | Killed Psyche
  7568 | D:9      | Reached skill level 5 in Evocations
  7913 | D:10     | Entered Level 10 of the Dungeon
  8003 | D:10     | Noticed Gastronok
  8021 | D:10     | Killed Gastronok
  8022 | D:10     | Reached XP level 11. HP: 59/59 MP: 12/12
  8112 | D:10     | Noticed Fannar
  8145 | D:10     | Killed Fannar
  8230 | D:10     | Noticed Maggie
  8261 | D:10     | Killed Maggie
  8427 | D:10     | Found the +8 trident of the Octopus King {venom, rElec
                  | rPois}
  8431 | D:10     | Noticed Nergalle
  8446 | D:10     | Killed Nergalle
  8478 | D:10     | Noticed Harold
  8504 | D:10     | Killed Harold
  8964 | D:11     | Found a staircase to the Orcish Mines.
  9120 | D:11     | Reached **** piety under Trog
  9177 | D:11     | Noticed a manticore
  9192 | D:11     | Killed a manticore
  9298 | D:11     | Noticed a boulder beetle
  9328 | D:11     | Killed a boulder beetle
  9419 | D:11     | Reached XP level 12. HP: 64/67 MP: 11/13
  9758 | D:12     | Noticed a two-headed ogre
  9773 | D:12     | Killed a two-headed ogre
  9830 | D:12     | Reached skill level 10 in Fighting
  9960 | D:12     | Found a white marble altar of Elyvilon.
 10660 | Lair:1   | Entered Level 1 of the Lair of Beasts
 10804 | Lair:1   | Reached skill level 10 in Armour
 10844 | Lair:1   | Reached ***** piety under Trog
 10845 | Lair:1   | Reached skill level 1 in Shields
 11557 | Lair:2   | Noticed a catoblepas
 11590 | Lair:2   | Killed a catoblepas
 12018 | Lair:2   | You fall into a shaft and drop 1 floor!
 12063 | Lair:3   | Found a dark tunnel.
 12074 | Volcano  | Entered a volcano
 12193 | Volcano  | Received a gift from Trog
 12210 | Volcano  | Killed from afar by a smoke demon

Illustrated notes

Levels and vault maps discovered:
D:1:      minmay_arrival_pointy, layout_basic, serial_shops, shop,
          ebering_dispersal_statue_hall
D:2:      layout_loops_ring, serial_rivers, chequers_serial_rivers_room_b,
          chequers_serial_rivers_micro_d, chequers_serial_rivers_micro_c,
          chequers_serial_rivers_marsh, chequers_serial_rivers_large_b,
          uniq_crazy_yiuf_cottage, uniq_sigmund
D:3:      layout_loops_ring, chequers_ecumenical_altar_lobes,
          hangedman_decor_growths
D:4:      layout_cave_pools, lemuel_crystal_altar
D:5:      layout_loops_ring, serial_shops, shop_statue, st_stairs_1,
          uniq_eustachio
D:6:      layout_cave_pods, minmay_temple_entry_glassed_door,
          grunt_ministairs_11, hangedman_decor_riveting
D:7:      layout_basic, minivault_1
D:8:      layout_loops_ring, erik_lair_island, chequers_serial_rivers_micro_c,
          uniq_prince_ribbit1, uniq_maurice, uniq_joseph
D:9:      layout_gridville, evilmike_butchery, uniq_psyche
D:10:     layout_big_octagon, nrook_loot_triangle, minivault_27,
          dk_rats_in_the_wall, uniq_maggie, uniq_nergalle, uniq_gastronok,
          uniq_harold, uniq_fannar
D:11:     layout_cave_pools, erik_orc_4
D:12:     layout_roguey [special_room_orc], elyvilon_altar_5
Lair:1:   beast_lair_carwin_large_3, layout_chaotic_city
Lair:2:   layout_gridlike
Lair:3:   layout_long_grid, minmay_shoals_entry_hut,
          nicolae_volcano_entry_hallway, grunt_megastairs_5,
          infiniplex_staircase_pool
Volcano:  hellmonk_smoking_crater

Skill      XL: |  1  2  3  4  5  6  7  8  9 10 11 12 |
---------------+-------------------------------------+-----
Short Blades   | 4 5 6 8 10 | 10.0
Fighting       | 3 4 5 7 9 10 | 10.8
Armour         | 2 3 5 7 9 10 | 10.7
Evocations     | 2 5 6 |  6.8
Shields        | 2 |  2.4
Dodging        | |  1.5

Action                   |  1- 3 |  4- 6 |  7- 9 | 10-12 || total
-------------------------+-------+-------+-------+-------++-------
Melee: Short sword       |    12 |       |       |       ||    12
       Bite              |    13 |    51 |   133 |   378 ||   575
       Dagger            |    43 |   185 |   354 |   983 ||  1565
       Punch             |       |       |     5 |    18 ||    23
       Rapier            |       |       |       |     5 ||     5
Throw: Javelin           |       |       |       |     4 ||     4
       Dart              |       |       |       |     1 ||     1
Invok: Berserk           |     1 |     5 |     7 |    15 ||    28
       Trog's Hand       |       |       |       |     5 ||     5
       Brothers in Arms  |       |       |       |     1 ||     1
Evoke: Wand              |       |       |       |     1 ||     1
       Tin of tremorston |       |       |       |     2 ||     2
  Use: Scroll            |       |       |    17 |    10 ||    27
 Stab: Distracted        |       |       |       |     1 ||     1
Armor: Animal skin       |     5 |       |       |       ||     5
       Scale mail        |    11 |    46 |       |       ||    57
       Chain mail        |       |    26 |   141 |     1 ||   168
       Plate armour      |       |       |       |   366 ||   366
Dodge: Dodged            |    29 |    66 |    81 |   165 ||   341
